 Dungeon Crawl Stone Soup version 0.20.0-10-g0535bb4 (webtiles) character file.

116 Rrauwl the Archer (level 4, 0/36 HPs)
             Began as a Centaur Hunter on June 6, 2017.
             Slain by an ogre
             ... wielding a +0 giant club
              (30 damage)
             ... on level 4 of the Dungeon.
             The game lasted 00:08:39 (2582 turns).

Rrauwl the Archer (Centaur Hunter)                  Turns: 2582, Time: 00:08:40

Health: 0/36       AC:  5    Str: 15    XL:     4   Next: 69%
Magic:  4/4        EV:  8    Int: 10    God:
Gold:   147        SH:  0    Dex: 10    Spells: 3/3 levels left

rFire    . . .     SeeInvis .   b - +1 shortbow
rCold    . . .     Gourm    .   (shield currently unavailable)
rNeg     . . .     Faith    .   l - +0 ring mail
rPois    .         Spirit   .   (no helmet)
rElec    .         Reflect  .   (no cloak)
rCorr    .         Harm     .   (no gloves)
MR       .....                  (no barding)
Stlth    ..........             (no amulet)
Regen    0.2/turn               (no ring)
MPRegen  0.1/turn               (no ring)

@: very quick
A: hooves 3, deformed body, speed 2, tough skin 3
a: no special abilities


You were on level 4 of the Dungeon.
You were not hungry.

You visited 1 branch of the dungeon, and saw 4 of its levels.

You collected 147 gold pieces.

Inventory:

Hand Weapons
 a - a +0 spear
 b - a +1 shortbow (weapon)
Missiles
 u - 8 arrows (quivered)
Armour
 c - a +0 leather armour
 l - a +0 ring mail (worn)
Wands
 t - a wand of flame (26/48)
Scrolls
 d - a scroll of immolation {unknown}
 e - a scroll of teleportation {unknown}
 g - 4 scrolls of remove curse {unknown}
 i - a scroll of fog {unknown}
 j - 4 scrolls of identify {unknown}
 r - a scroll of enchant weapon {unknown}
Potions
 h - 2 potions of flight {unknown}
 m - 2 potions of degeneration {unknown}
 n - 3 potions of magic {unknown}
 o - a potion of cancellation {unknown}
 p - a potion of lignification {unknown}
 s - a potion of curing {unknown}
Comestibles
 f - 5 bread rations
 k - 2 meat rations
 q - a royal jelly
 v - 3 chunks of flesh


   Skills:
 - Level 2.0 Fighting
 + Level 0.0 Polearms
 + Level 8.1 Bows
 - Level 1.3 Dodging
 - Level 0.4 Stealth


You had 3 spell levels left.
You didn't know any spells.

Dungeon Overview and Level Annotations

Branches:
Dungeon (4/15)
 Temple: D:4-7

Altars:
Ashenzari


Innate Abilities, Weirdness & Mutations

You have hooves in place of feet.
Armour fits poorly on your strangely shaped body.
You cover ground very quickly.
You have extremely tough skin. (AC +3)


Message History

You hear the slow hiss of a distant avalanche of sand.
You see here a scroll labeled VUGEEN HUFRU. 2 orcs come into view.
The orc shouts! x2
Firing (i - inventory):
u - 10 arrows (quivered)
Press: ? - help, Shift-Dir - straight line, f/p - ogre
Aim: an ogre, wielding a giant club (severely wounded)
You shoot an arrow. The arrow hits the ogre.
The ogre is almost dead.
The orc moves out of view.
A hound and an orc come into view.
The orc is wielding a dagger of protection.
Firing (i - inventory):
u - 9 arrows (quivered)
Press: ? - help, Shift-Dir - straight line, f/p - ogre
Aim: an ogre, wielding a giant club (almost dead)
You shoot an arrow. The arrow barely misses the ogre.
The hound barks!
The orc shouts!
The ogre hits you with a giant club!!
Ouch! That really hurt!
You die...

####. ###.... #######
......h.##.....#
#..............#
.............#.....#
...................#
...................##
o...................#
.............#(O@...#
..(.....#..(#######..o..
...(..####..#


#oo #...#(.....# #.#........# #. ##.o.....# . #.......# ##......# #.<....# You
could see an ogre, a hound and 3 orcs.

Vanquished Creatures
  3 gnolls (D:2)
  2 adders (D:3)
  A worm (D:3)
  A dart slug (D:1)
  2 leopard geckos
  7 bats
  6 giant cockroaches
  4 goblins
  10 hobgoblins
  6 jackals
  4 kobolds
  A quokka (D:2)
  4 frilled lizards
  8 rats
59 creatures vanquished.

Notes
Turn   | Place    | Note
-------+----------+-------------------------------------------
     0 | D:1      | Rrauwl the Centaur Hunter began the quest for the Orb.
     0 | D:1      | Reached XP level 1. HP: 17/17 MP: 1/1
   138 | D:1      | Reached XP level 2. HP: 24/24 MP: 2/2
   189 | D:1      | Reached skill level 6 in Bows
   426 | D:1      | Reached XP level 3. HP: 29/29 MP: 3/3
   941 | D:2      | Reached skill level 7 in Bows
  1167 | D:2      | Reached XP level 4. HP: 17/36 MP: 4/4
  2191 | D:3      | Reached skill level 8 in Bows
  2250 | D:3      | Found a shattered altar of Ashenzari.
  2560 | D:4      | Noticed an ogre
  2582 | D:4      | Slain by an ogre

Skill      XL: |  1  2  3  4 |
---------------+-------------+-----
Bows           | 6 7 8 |  8.1
Fighting       | |  2.0
Dodging        | |  1.3
Stealth        | |  0.4

Action                   |  1- 3 |  4- 6 || total
-------------------------+-------+-------++-------
Melee: Spear             |    38 |    84 ||   122
       Kick              |     5 |     5 ||    10
       Short sword       |     1 |       ||     1
 Fire: Shortbow          |    96 |    46 ||   142
  Eat: Chunk             |       |     3 ||     3
Armor: Leather armour    |     7 |       ||     7
       Ring mail         |    18 |    28 ||    46
Dodge: Dodged            |    24 |    42 ||    66
